 Dungeon Crawl Stone Soup version 0.31.0 (webtiles) character file.

Game seed: 317801885581838217

194 qw the Shooter (level 5, -1/30 HPs)
             Began as a Gargoyle Hunter on Jan 19, 2024.
             Slain by a goblin
             ... wielding a +0 dagger
             ... led by Robin
              (5 damage)
             ... on level 2 of the Dungeon.
             The game lasted 00:00:04 (1413 turns).

qw the Shooter (Gargoyle Hunter)                    Turns: 1413, Time: 00:00:04

Health: -1/30      AC: 10    Str: 15    XL:     5   Next: 73%
Magic:  5/5        EV: 11    Int:  9    God:
Gold:   105        SH:  0    Dex: 15    Spells: 4/4 levels left

rFire   . . .        a - +0 shortbow
rCold   . . .        (shield currently unavailable)
rNeg    + . .        f - +0 ring mail
rPois   inf          (no helmet)
rElec   +            (no cloak)
rCorr   .            (no gloves)
SInv    .            (no boots)
Will    .....        (no amulet)
Stlth   +            (no ring)
HPRegen 0.25/turn    (no ring)
MPRegen 0.09/turn

%: no passive effects
@: no status effects
A: sickness immunity, AC +4, negative energy resistance 1, electricity
resistance, torment resistance 1, petrification resistance
a: no special abilities


You were on level 2 of the Dungeon.
You visited 1 branch of the dungeon, and saw 2 of its levels.

You collected 105 gold pieces.


Innate Abilities, Weirdness & Mutations

You are immune to sickness and miasma.
Your stone body is resilient. (AC +4)
You are immune to poison.
You resist negative energy. (rN+)
You are resistant to electric shocks. (rElec)
You are resistant to unholy torment.
You are immune to petrification.


   Skills:
 + Level 2.3 Fighting
 - Level 5.0 Ranged Weapons
 - Level 4.7 Armour
 - Level 1.5 Dodging
 - Level 1.1 Stealth


You had 4 spell levels left.
You didn't know any spells.
Your spell library was empty.

Inventory:

Hand Weapons
 a - a +0 shortbow (weapon)
Armour
 f - a +0 ring mail (worn)
Scrolls
 b - 2 scrolls of immolation {unknown}
 c - a scroll of identify
 d - a scroll of poison {unknown}
Potions
 i - a potion of might {unknown}

Dungeon Overview and Level Annotations

Branches:
Dungeon (2/15)

Altars:

Shops:
D:2 !

Annotations:
D:2 1 runed translucent door, Crazy Yiuf, Robin


Message History

A goblin comes into view. It is wielding a +0 club.
The goblin closely misses you. The giant cockroach misses you.
The goblin hits you but does no damage. The goblin hits you with a +0 club.
The goblin misses you. The goblin hits you but does no damage.
You shoot an arrow. The arrow hits Robin.
Robin is moderately wounded.
The giant cockroach bites you but does no damage.
The goblin hits you but does no damage. x2; Robin hits you but does no damage.
The goblin hits you with a +0 club. The goblin barely misses you.
The goblin closely misses you.
The giant cockroach bites you but does no damage.
The goblin misses you. x2; The goblin hits you but does no damage.
The goblin closely misses you.
You shoot an arrow. The arrow hits Robin.
Robin is moderately wounded.
The giant cockroach closely misses you.
The goblin hits you but does no damage. x2
The goblin barely misses you.
The goblin hits you but does no damage. x2
Robin hits you with a +0 dagger. The giant cockroach barely misses you.
You shoot an arrow. The arrow hits Robin.
Robin is moderately wounded.
The goblin barely misses you. The goblin misses you.
The goblin hits you with a +0 dagger. The goblin completely misses you.
The goblin hits you but does no damage. x2
The giant cockroach barely misses you.
You shoot an arrow. The arrow hits Robin.
Robin is severely wounded.
The goblin no longer looks unusually strong.
The giant cockroach barely misses you. The goblin barely misses you.
The goblin hits you with a +0 dagger. The goblin hits you but does no damage.
Robin roars a battlecry!
The goblins go into a battle-frenzy!
The goblin closely misses you.
The goblin hits you but does no damage. x2
The giant cockroach barely misses you. The goblin closely misses you. x2
The goblin hits you but does no damage. x2; Robin hits you but does no damage.
The goblin hits you but does no damage. The goblin closely misses you.
You shoot an arrow. The arrow hits Robin.
Robin is almost dead.
The goblin no longer looks unusually strong.
The giant cockroach barely misses you. The goblin hits you with a +0 dagger.
You die...

.... ..# ..... ...#
..... ...##
.....#####.....
..........)#.##
.....>.\......#
......ggB.....#
......g@g......
......ggg.....#
..............#
..........#####
######........###
#..........
#........#
.######........#
...............####


You could see Robin, a giant cockroach and 6 goblins.

Vanquished Creatures
  Sigmund (D:2)
  A dart slug (D:2)
  2 ball pythons (D:1)
  2 endoplasms (D:1)
  5 goblins
  7 hobgoblins
  4 kobolds (D:1)
  A quokka (D:1)
  3 bats (D:1)
  A frilled lizard (D:1)
  4 rats (D:1)
31 creatures vanquished.

Notes
Turn   | Place    | Note
-------+----------+-------------------------------------------
     0 | D:1      | qw the Gargoyle Hunter began the quest for the Orb.
     0 | D:1      | Reached XP level 1. HP: 12/12 MP: 1/1
     0 | D:1      | 0 ||| qw: Version: 0.3-a-132-g3d54051
     0 | D:1      | 0 ||| qw: Game counter: 88
     0 | D:1      | 0 ||| qw: Melee chars always use a shield: true
     0 | D:1      | 0 ||| qw: God list: Okawaru
     0 | D:1      | 0 ||| qw: Allow faded altars: false
     0 | D:1      | 0 ||| qw: Do Orc after clearing Dungeon:15 true
     0 | D:1      | 0 ||| qw: Do second Lair branch before Depths: true
     0 | D:1      | 0 ||| qw: Lair rune preference: random
     0 | D:1      | 0 ||| qw: Goals: Normal
     0 | D:1      | 0 ||| PLANNING D:1-11
    85 | D:1      | Reached XP level 2. HP: 17/17 MP: 2/2
   644 | D:1      | Reached XP level 3. HP: 21/21 MP: 3/3
  1093 | D:1      | 1093 ||| UPGRADING to +0 ring mail.
  1103 | D:1      | 1103 ||| DROPPING +0 leather armour.
  1104 | D:1      | 1104 ||| READING scroll labelled HOUD ESAPTU.
  1104 | D:1      | 1104 ||| ENCHANTING +0 shortbow.
  1105 | D:1      | 1105 ||| READING scroll labelled PUM XEHILU.
  1106 | D:1      | 1106 ||| READING scroll labelled QOARUPPOMM.
  1106 | D:1      | 1106 ||| IDENTIFYING purple potion
  1107 | D:1      | 1107 ||| DROPPING scroll of butterflies.
  1108 | D:1      | 1108 ||| DROPPING potion of degeneration.
  1252 | D:2      | Found a runed translucent door.
  1253 | D:2      | Noticed Crazy Yiuf
  1314 | D:2      | Noticed Sigmund
  1315 | D:2      | 1315 ||| DRINKING brown potion.
  1322 | D:2      | Killed Sigmund
  1323 | D:2      | Reached XP level 4. HP: 26/26 MP: 4/4
  1323 | D:2      | Reached XP level 5. HP: 30/30 MP: 5/5
  1385 | D:2      | Found Vuocacac's Distillery.
  1396 | D:2      | Reached skill level 5 in Ranged Weapons
  1399 | D:2      | Noticed Robin
  1410 | D:2      | HP: 7/30 [Robin/+0 dagger (1)]
  1413 | D:2      | Slain by a goblin

Levels and vault maps discovered:
D:1:      dpeg_arrival_fog, layout_basic, minmay_misc_feat_diagonals,
          chequers_arboretum, chequers_serial_rivers_room_b, chequers_jeans,
          st_stairs_4
D:2:      layout_basic, serial_shops, shop, minmay_cupped, uniq_sigmund,
          uniq_robin, uniq_crazy_yiuf_cottage

Skill      XL: |  1  2  3  4  5 |
---------------+----------------+-----
Armour         | 4 |  4.7
Ranged Weapons | 5 |  5.0
Fighting       | |  2.3
Dodging        | |  1.5
Stealth        | |  1.1

Action                     |  1- 3 |  4- 6 || total
---------------------------+-------+-------++-------
   Fire: Shortbow          |    82 |    23 ||   105
    Use: Scroll            |     3 |       ||     3
         Potion            |     1 |       ||     1
 Armour: Leather armour    |    22 |       ||    22
         Ring mail         |     2 |    59 ||    61
  Dodge: Dodged            |    11 |    45 ||    56

Table legend:
 A = Non-vault XP
 B = Vault XP
 C = Vault XP percentage of total XP
 D = Non-vault monster count
 E = Vault monster count
 F = Vault count percentage of total count
                 A         B        C        D         E       F
            +---------+---------+-------+---------+---------+-------
      Total |      37 |     241 |  86.7 |      22 |       9 |  29.0
            +---------+---------+-------+---------+---------+-------
        D:1 |      33 |       5 |  13.2 |      21 |       3 |  12.5
        D:2 |       4 |     236 |  98.3 |       1 |       6 |  85.7
            +---------+---------+-------+---------+---------+-------
